 Dungeon Crawl Stone Soup version 0.25.1-8-g42b30a86e7 (webtiles) character file.

Game seed: 15412044071574436821

32 Clowwww the Skirmisher (level 3, 28/29 HPs)
             Began as a Demonspawn Fighter on Dec 9, 2020.
             Quit the game on level 2 of the Dungeon.
             The game lasted 00:01:45 (767 turns).

Clowwww the Skirmisher (Demonspawn Fighter)          Turns: 767, Time: 00:01:46

Health: 28/29      AC:  6    Str: 17    XL:     3   Next: 8%
Magic:  3/3        EV:  7    Int:  9    God:
Gold:   65         SH:  9    Dex: 12    Spells: 2/2 levels left

rFire    . . .     SeeInvis .   a - +0 war axe
rCold    . . .     Gourm    .   c - +0 kite shield
rNeg     . . .     Faith    .   b - +0 scale mail
rPois    .         Spirit   .   (helmet restricted)
rElec    .         Reflect  .   (no cloak)
rCorr    .         Harm     .   (no gloves)
MR       .....     Rnd*Tele +   (no boots)
Stlth    ..........             (no amulet)
HPRegen  1.09/turn              j - ring of teleportation (curse)
MPRegen  0.08/turn              (no ring)

@: no status effects
A: horns 1, powered by death 1
a: no special abilities


You were on level 2 of the Dungeon.
You were not hungry.

You visited 1 branch of the dungeon, and saw 2 of its levels.

You collected 65 gold pieces.

Inventory:

Hand Weapons
 a - a +0 war axe (weapon)
Armour
 b - a +0 scale mail (worn)
 c - a +0 kite shield (worn)
Jewellery
 j - a cursed ring of teleportation (left hand)
Scrolls
 e - a scroll of teleportation {unknown}
 k - a scroll of identify {unknown}
 l - a scroll of random uselessness {unknown}
Potions
 d - a potion of might
 h - a potion of curing {unknown}
 i - a potion of mutation {unknown}
Comestibles
 f - 6 rations
 g - 4 chunks of flesh


   Skills:
 + Level 3.3 Fighting
 + Level 2.3 Axes
 + Level 3.0 Armour
 + Level 2.9 Shields


You had 2 spell levels left.
You didn't know any spells.
Your spell library was empty.

Dungeon Overview and Level Annotations

Branches:
Dungeon (2/15)

Altars:


Innate Abilities, Weirdness & Mutations

You have a pair of small horns on your head.
You regenerate a little health from kills.


Message History

You feel stronger.
Your demonic ancestry asserts itself...
A pair of horns grows on your head!
You hit the worm.
The worm is lightly wounded.
The worm bites you but does no damage.
You hit the worm.
You headbutt the worm, but do no damage.
The worm is moderately wounded.
You block the worm's attack.
You hit the worm. Your headbutt misses the worm.
The worm is moderately wounded.
The worm bites you.
You slash the worm!
The worm is severely wounded.
The worm bites you but does no damage.
You hit the worm. You headbutt the worm.
You kill the worm!
Things that are here:
a +0 whip; a kobold corpse Are you sure you want to abandon this character and quit the game? (Confirm with "yes".)

#..#.r.........#
#..
#.............#
#.. #...$....#.#
# #..
#(((....#.##
####≈ #?.
####(.......
.....##..
#....#...
........l
#....## ##.†.
#.....####
##...#
###.#.@..#
#.##.(###
#.####..#
##....(... #.#
#.# #?.###....
...
..............
#.#
.....##....>)
#.#
..........(÷†
#.# ....####.<..
.... #.$.. #....


There were no monsters in sight!

Vanquished Creatures
  An ooze (D:2)
  A worm (D:2)
  A leopard gecko (D:2)
  2 giant cockroaches (D:1)
  3 goblins
  A hobgoblin (D:1)
  2 quokkas (D:2)
  3 bats (D:1)
  3 kobolds (D:2)
  6 rats
23 creatures vanquished.

Notes
Turn   | Place    | Note
-------+----------+-------------------------------------------
     0 | D:1      | Clowwww the Demonspawn Fighter began the quest for the Orb.
     0 | D:1      | Reached XP level 1. HP: 18/18 MP: 1/1
   286 | D:1      | Gained mutation: You regenerate a little health from kills.
                  | [demonic ancestry]
   286 | D:1      | Reached XP level 2. HP: 21/24 MP: 2/2
   760 | D:2      | Gained mutation: You have a pair of small horns on your
                  | head. [demonic ancestry]
   760 | D:2      | Reached XP level 3. HP: 29/29 MP: 3/3
   767 | D:2      | Quit the game

Illustrated notes

Levels and vault maps discovered:
D:1:      lightli_arrival_chessboard, layout_rooms, serial_glass,
          glass_columns_c, glass_columns_a, glass_columns_c, glass_columns_a
D:2:      layout_rooms, lightli_temple_of_fire

Skill      XL: |  1  2 |
---------------+-------+-----
Armour         | 3 |  3.0
Axes           | 2 |  2.3
Fighting       | |  3.3
Shields        | |  2.9

Action                   || total
-------------------------++-------
Melee: War axe           ||    74
       Headbutt          ||     2
Armor: Scale mail        ||    46
Dodge: Dodged            ||    19
Block: Kite shield       ||    52
